Map: Sequencer LE

Players

Lambo

  • Race: Zerg Zerg
  • Spawn Location: 7:00

Cloudy - Winner!

  • Race: Protoss Protoss
  • Spawn Location: 1:00

Event: WCS Valencia 2017

VOD

Have the link to the VOD?

Description

Time

  • Played on: July 13, 2017, 1:48 p.m.
  • Length: 9:38

All games in this series

Show
View Real Time Build Order
Export as new Build Order

Lambo Zerg 

Build Orders: Hatch First 

Get SALT Encoding   

  12  0:00  Drone  
  13  0:12  Overlord  
  13  0:17  Drone  
  14  0:30  Drone x2  
  16  0:36  Drone  
  17  0:52  Hatchery  
  17  0:54  Drone  
  17  0:58  Drone  
  18  1:08  Extractor  
  17  1:13  Spawning Pool  
  17  1:16  Drone  
  17  1:19  Drone  
  18  1:28  Drone  
  19  1:39  Overlord  
  19  1:51  Drone  
  20  2:00  Queen  
  22  2:01  Zergling x2  
  22  2:04  Queen  
  22  2:05  Zergling x2  
  26  2:09  Metabolic Boost  
  26  2:10  Drone  
  26  2:15  Drone  
  28  2:22  Drone  
  29  2:27  Drone  
  30  2:38  Hatchery  
  30  2:40  Drone  
  30  2:44  Drone  
  30  2:48  Pneumatized Carapace  
  31  2:53  Drone  
  31  2:56  Overlord  
  32  3:00  Drone  
  32  3:02  Drone  
  34  3:06  Drone  
  34  3:08  Drone  
  36  3:16  Drone x3  
  36  3:18  Queen  
  41  3:22  Overlord  
  41  3:24  Drone  
  42  3:29  Drone x2  
  44  3:40  Evolution Chamber  
  44  3:41  Drone x4  
  46  3:48  Drone x4  
  51  3:51  Spore Crawler  
  51  3:52  Spore Crawler  
  49  3:56  Queen  
  49  3:58  Drone  
  52  4:03  Drone x2  
  52  4:05  Zerg Melee Weapons Level 1  
  52  4:09  Overlord  
  54  4:14  Spore Crawler  
  54  4:15  Drone x2  
  55  4:20  Drone x3  
  58  4:26  Overlord  
  58  4:27  Overlord  
  58  4:29  Spore Crawler  
  57  4:32  Overlord  
  57  4:34  Overlord  
  57  4:35  Drone x2  
  57  4:37  Lair  
  58  4:41  Queen  
  58  4:43  Drone  
  61  4:46  Extractor, Drone x2  
  61  4:51  Zergling x4  
  61  4:52  Drone x3  
  67  4:57  Drone x4  
  71  5:00  Drone x2  
  73  5:09  Drone x2  
  74  5:15  Drone x4  
  74  5:20  Drone x4  
  82  5:23  Overlord  
  82  5:26  Extractor  
  82  5:27  Extractor  
  80  5:29  Drone x4  
  80  5:30  Drone  
  87  5:38  Hatchery, Hydralisk Den  
  87  5:39  Baneling Nest  
  87  5:41  Extractor x2, Zergling x6  
  83  5:48  Overlord  
  82  5:50  Drone x4  
  82  5:56  Drone x6  
  82  5:57  Drone  
  93  6:01  Queen  
  95  6:10  Spore Crawler, Hydralisk  
  95  6:11  Hydralisk x2  
  90  6:16  Spore Crawler, Queen x2  
  90  6:17  Hydralisk  
  80  6:26  Hydralisk x4  
  85  6:39  Overlord  
  85  6:41  Drone x5  
  85  6:42  Drone x4  
  94  6:51  Drone x3, Zerg Missile Weapons Level 1  
  97  6:58  Overlord  
  97  7:00  Overseer  
  97  7:01  Drone x5  
  97  7:07  Overlord  
  102  7:09  Drone  
  102  7:10  Overlord  
  103  7:16  Centrifical Hooks  
  103  7:17  Muscular Augments  
  103  7:18  Overlord  
  103  7:25  Drone x8  
  111  7:31  Hydralisk x3  
  111  7:36  Hydralisk x2  
  120  7:45  Hydralisk x2  
  120  7:47  Overlord  
  120  7:48  Overlord x2  
  124  7:56  Overlord  
  124  7:57  Overlord  
  123  8:00  Hydralisk x2  
  123  8:01  Hydralisk  
  123  8:04  Hatchery, Zergling x2, Overlord  
  128  8:05  Zergling x4  
  128  8:08  Hydralisk x2  
  128  8:09  Zergling x2  
  134  8:14  Zergling x10  
  134  8:15  Zergling x4  
  134  8:18  Zergling x8  
  134  8:19  Zergling x2  
  146  8:23  Zergling x8  
  146  8:27  Zergling x4  
  152  8:31  Zergling x2  
  152  8:35  Zergling x4  
  152  8:38  Zergling x2  
  155  8:41  Zergling x6  
  155  8:42  Zergling x2  
  155  8:44  Baneling x4  
  155  8:46  Hydralisk x2  
  155  8:47  Zergling x6  
  137  8:58  Baneling  
  137  8:59  Hydralisk x3, Baneling x6  
  137  9:00  Zergling x4  
  143  9:03  Baneling x6  
  143  9:04  Hydralisk x2  
  143  9:05  Zergling x2  
  143  9:08  Hydralisk x2  
  143  9:09  Zergling x2  
  138  9:11  Hydralisk  
  138  9:12  Zergling x4  
  138  9:15  Zergling x6  
  118  9:20  Zergling x2  
Show
View Real Time Build Order
Export as new Build Order

Cloudy Protoss - Winner!

Build Orders: Nexus First, Oracle Opening 

Get SALT Encoding   

  12  0:01  Probe (Chrono Boost)  
  13  0:12  Probe (Chrono Boost)  
  14  0:22  Pylon  
  14  0:25  Probe (Chrono Boost)  
  15  0:40  Probe (Chrono Boost)  
  16  0:51  Probe (Chrono Boost)  
  17  1:04  Nexus  
  17  1:13  Gateway  
  17  1:15  Probe (Chrono Boost)  
  18  1:26  Probe (Chrono Boost)  
  18  1:28  Assimilator  
  18  1:31  Assimilator  
  19  1:37  Probe (Chrono Boost)  
  20  1:47  Probe (Chrono Boost)  
  21  1:58  Probe (Chrono Boost)  
  21  2:01  Cybernetics Core  
  23  2:08  Probe (Chrono Boost)  
  23  2:12  Pylon  
  23  2:15  Probe (Chrono Boost)  
  23  2:16  Zealot (Chrono Boost)  
  23  2:19  Probe  
  27  2:25  Probe  
  28  2:31  Probe (Chrono Boost)  
  28  2:36  Probe (Chrono Boost)  
  29  2:39  Warp Gate (Chrono Boost)  
  29  2:43  Probe (Chrono Boost), Stalker (Chrono Boost)  
  33  2:51  Stargate  
  33  2:52  Probe  
  33  2:57  Probe  
  35  3:03  Probe (Chrono Boost)  
  36  3:09  Probe (Chrono Boost)  
  36  3:10  Gateway  
  37  3:15  Probe (Chrono Boost)  
  38  3:20  Probe (Chrono Boost)  
  38  3:25  Probe (Chrono Boost)  
  38  3:26  Assimilator  
  40  3:28  Assimilator  
  40  3:30  Probe (Chrono Boost)  
  40  3:34  Probe (Chrono Boost), Oracle (Chrono Boost)  
  45  3:42  Probe  
  45  3:47  Pylon  
  46  3:55  Nexus  
  46  4:03  Probe  
  46  4:05  Probe  
  46  4:07  Oracle (Chrono Boost)  
  51  4:14  Probe  
  52  4:17  Probe  
  52  4:19  Stargate x2  
  53  4:24  Probe  
  53  4:29  Pylon  
  54  4:46  Pylon, Probe  
  54  4:47  Probe  
  54  4:49  Oracle (Chrono Boost), Assimilator  
  59  4:57  Probe  
  59  4:59  Probe  
  61  5:04  Oracle x2 (Chrono Boost)  
  61  5:06  Probe  
  67  5:09  Probe  
  67  5:12  Probe  
  70  5:17  Probe  
  72  5:21  Probe  
  72  5:24  Probe  
  72  5:27  Forge  
  73  5:28  Probe  
  73  5:29  Twilight Council  
  73  5:30  Void Ray (Chrono Boost)  
  73  5:33  Probe  
  79  5:35  Pylon  
  79  5:36  Probe  
  79  5:41  Mothership Core  
  82  5:46  Probe  
  82  5:48  Probe  
  82  5:49  Pylon  
  84  5:50  Gateway  
  84  5:52  Gateway  
  84  5:54  Gateway  
  88  5:57  Void Ray (Chrono Boost)  
  92  6:04  Void Ray (Chrono Boost)  
  92  6:17  Void Ray (Chrono Boost)  
  92  6:18  Charge  
  96  6:23  Protoss Ground Weapons Level 1 (Chrono Boost)  
  93  6:28  Void Ray (Chrono Boost)  
  90  6:36  Gateway  
  90  6:38  Gateway  
  90  6:39  Gateway  
  94  6:50  Sentry x2  
  94  6:53  Robotics Facility  
  98  7:02  Nexus  
  98  7:05  Pylon  
  98  7:07  Pylon  
  98  7:12  Pylon, Void Ray (Chrono Boost)  
  98  7:14  Pylon  
  96  7:21  Templar Archives  
  96  7:27  Pylon  
  96  7:29  Probe x2, Pylon  
  98  7:31  Photon Cannon  
  98  7:33  Zealot, Gateway x2  
  98  7:34  Zealot x2  
  98  7:35  Sentry  
  106  7:52  Warp Prism (Chrono Boost)  
  108  8:01  High Templar x2  
  108  8:02  Zealot x6  
  124  8:07  Archon  
  124  8:09  Probe x3  
  127  8:28  Zealot x6  
  127  8:29  Zealot x2  
  138  8:49  High Templar x2  
  138  8:50  Zealot x6, High Templar x2  
  138  8:54  Archon x2  
  158  8:59  Probe x3  
  161  9:03  Pylon  
  161  9:04  Pylon  
  161  9:05  Pylon  
  155  9:15  Zealot x6  
  141  9:22  Zealot x4  
  133  9:34  Zealot x4  
Tags
 
Add a new tag
Caveats
  • Supply blocks, unpowered buildings, or Contaminate may cause inaccurate times.
  • Supply counts are checked every 10 seconds.